 Dungeon Crawl Stone Soup version 0.20-a0-927-g1ae2c61 (webtiles) character file.

16 Wendigo the Caller (level 2, 0/19 HPs)
             Began as a Demonspawn Summoner on Mar 29, 2017.
             Slain by a jackal (1 damage)
             ... on level 1 of the Dungeon.
             The game lasted 00:03:16 (1542 turns).

Wendigo the Caller (Demonspawn Summoner)            Turns: 1542, Time: 00:03:17

Health: 0/19       AC:  2    Str:  8    XL:     2   Next: 41%
Magic:  0/5        EV: 12    Int: 16    God:
Gold:   105        SH:  0    Dex: 13    Spells: 4/5 levels left

rFire    . . .     SeeInvis .   h - +0 short sword
rCold    . . .     Gourm    .   (no shield)
rNeg     . . .     Faith    .   a - +0 robe
rPois    .         Spirit   .   (no helmet)
rElec    .         Reflect  .   (no cloak)
rCorr    .         Harm     .   (no gloves)
MR       .....                  (no boots)
Stlth    ++........             (no amulet)
Regen    0.1/turn               (no ring)
MPRegen  0.1/turn               (no ring)

@: no status effects
A: powered by pain 1
a: no special abilities


You were on level 1 of the Dungeon.
You were very hungry.

You visited 1 branch of the dungeon, and saw 1 of its levels.

You collected 105 gold pieces.

Inventory:

Hand Weapons
 h - a +0 short sword (weapon)
Armour
 a - a +0 robe (worn)
Scrolls
 f - a scroll of enchant weapon {unknown}
 g - 2 scrolls of identify {unknown}
 i - a scroll of fear {unknown}
Potions
 d - a potion of haste {unknown}
 e - a potion of brilliance {unknown}
 j - a potion of cancellation {unknown}
 l - a potion of curing {unknown}
Books
 b - a book of Callings

   Spells                             Type                      Level
   a - Summon Small Mammal            Summoning                    1
   b - Call Imp                       Summoning                    2
   c - Call Canine Familiar           Summoning                    3
   d - Summon Guardian Golem          Hexes/Summoning              3
   e - Summon Lightning Spire         Summoning/Air                4
   f - Summon Ice Beast               Ice/Summoning                4
Comestibles
 c - a bread ration
 m - a royal jelly


   Skills:
 - Level 1.7 Dodging
 - Level 1.7 Stealth
 + Level 2.2 Spellcasting
 * Level 4.5 Summonings


You had 4 spell levels left.
You knew the following spells:

 Your Spells              Type           Power        Failure   Level  Hunger
a - Summon Small Mammal   Summ           ###.         3%          1    #......


Dungeon Overview and Level Annotations

Branches:
Dungeon (1/15)

Altars:


Innate Abilities, Weirdness & Mutations

You sometimes gain a little power by taking damage.


Message History

The jackal bites you.
* * * LOW HITPOINT WARNING * * *
The jackal completely misses you.
Your bat hits the jackal but does no damage.
Your bat closely misses the jackal.
Your rat bites the jackal.
The jackal bites you but does no damage.
The jackal closely misses you.
Your bat closely misses the jackal.
Your bat hits the jackal. The jackal bites your bat.
Your bat dies!
Your bat's corpse disappears in a puff of smoke!
You hit the jackal but do no damage.
The jackal is almost dead.
The jackal bites you but does no damage.
Your rat bites the jackal.
The jackal barely misses you.
You hit the jackal but do no damage.
The jackal is heavily wounded.
The jackal bites you.
You die...

#.##.##.# ≈≈≈........
#.##.##.###.≈♣##......
#.......(......#......
#.##.##........#......
#.##.##...............
#....##........# #..
####.#####........# #..
#.......##r.......#
###..
#.##....@hh.......#
#....
#.##..#.###########
#.### #.###.#.# #...#
#.###[#.# #########
#.#'# #...>...#
#.......# #.##.
###.....#
#.#####.###.##.
#.....###.##........##.
#......##.##.##.#######
#...............#


You could see 2 jackals and a friendly rat.

Vanquished Creatures
  A goblin (D:1)
  A hobgoblin (D:1)
  A jackal (D:1)
  2 frilled lizards (D:1)
5 creatures vanquished.

Vanquished Creatures (collateral kills)
  2 leopard geckos (D:1)
  A ball python (D:1)
  3 goblins (D:1)
  4 jackals (D:1)
  A frilled lizard (D:1)
  2 kobolds (D:1)
  A rat (D:1)
14 creatures vanquished.

Grand Total: 19 creatures vanquished

Notes
Turn   | Place    | Note
-------+----------+-------------------------------------------
     0 | D:1      | Wendigo the Demonspawn Summoner began the quest for the Orb.
     0 | D:1      | Reached XP level 1. HP: 13/13 MP: 3/3
   679 | D:1      | Gained mutation: You sometimes gain a little power by taking damage. [demonic ancestry]
   679 | D:1      | Reached XP level 2. HP: 10/19 MP: 1/5
  1542 | D:1      | Slain by a jackal

Vault maps used:
D:1:      evilmike_arrival_grusome_pit, serial_bayou_pond_e, minivault_5,
          roderic_st_hans_cross

Action                   || total
-------------------------++-------
Melee: Unarmed           ||    15
       Short sword       ||    23
 Cast: Summon Small Mamm ||    25
 Stab: Sleeping          ||     1
  Eat: Chunk             ||     1
Armor: Robe              ||    18
Dodge: Dodged            ||    62
